 Dungeon Crawl Stone Soup version 0.21-a0-529-g8c7b3f5 (webtiles) character file.

91 Gorglomux the Sneak (level 4, -4/40 HPs)
             Began as an Octopode Earth Elementalist on Dec 9, 2017.
             Slain by Grinder (7 damage)
             ... on level 3 of the Dungeon.
             The game lasted 00:06:47 (3199 turns).

Gorglomux the Sneak (Octopode Earth Elementalist)   Turns: 3199, Time: 00:06:48

Health: -4/40      AC:  1    Str: 13    XL:     4   Next: 57%
Magic:  0/16       EV: 13    Int: 17    God:
Gold:   181        SH:  0    Dex: 12    Spells: 1/7 levels left

rFire    . . .     SeeInvis .   x - +0 dagger (drain)
rCold    . . .     Gourm    .   (no shield)
rNeg     . . .     Faith    .   (helmet restricted)
rPois    .         Spirit   .   (no amulet)
rElec    .         Reflect  .   l - ring of magical power
rCorr    .         Harm     .   (no ring)
MR       .....                  (no ring)
Stlth    ..........             (no ring)
HPRegen  0.13/turn              (no ring)
MPRegen  0.15/turn              (no ring)
                                (no ring)
                                (no ring)

@: berserking, very slightly contaminated, very quick
A: almost no armour, stealthy swim, amphibious, 8 rings, constrict 8, camouflage
1, gelatinous body 1
a: no special abilities


You were on level 3 of the Dungeon.
You were hungry.

You visited 1 branch of the dungeon, and saw 3 of its levels.

You collected 181 gold pieces.

Inventory:

Hand Weapons
 x - a +0 dagger of draining (weapon)
Missiles
 b - 82 stones (quivered)
Jewellery
 l - a ring of magical power (left tentacle)
 w - a cursed ring of loudness {unknown}
Scrolls
 e - 2 scrolls of remove curse
 h - a scroll of amnesia {unknown}
 i - a scroll of enchant weapon {unknown}
 m - a scroll of fog {unknown}
 n - a scroll of blinking {unknown}
 o - a scroll of identify {unknown}
Potions
 j - a potion of heal wounds {unknown}
 p - a potion of mutation {unknown}
 r - a potion of might {unknown}
 s - a potion of curing {unknown}
 u - a potion of invisibility {unknown}
Books
 d - a book of Geomancy

   Spells                             Type                      Level
   a - Sandblast                      Earth                        1
   b - Passwall                       Transmutation/Earth          2
   c - Stone Arrow                    Conjuration/Earth            3
   d - Petrify                        Transmutation/Earth          4
   e - Lee's Rapid Deconstruction     Earth                        5
Comestibles
 c - a bread ration
 v - a fruit


   Skills:
 - Level 2.0 Dodging
 + Level 5.1 Stealth
 - Level 2.0 Spellcasting
 - Level 1.0 Transmutations
 + Level 4.2 Earth Magic


You had one spell level left.
You knew the following spells:

 Your Spells              Type           Power        Failure   Level  Hunger
a - Sandblast             Erth           ###...       3%          1    #......
b - Stone Arrow           Conj/Erth      #.....       24%         3    ###....
c - Passwall              Tmut/Erth      ##........   10%         2    ###....


Dungeon Overview and Level Annotations

Branches:
Dungeon (3/15)

Altars:
Ashenzari
Xom
Yredelemnul

Annotations:
D:3 Grinder


Innate Abilities, Weirdness & Mutations

You cannot wear most types of armour.
You are very stealthy in the water. (Stealth+)
You are amphibious.
You can wear up to eight rings at the same time.
You can use your tentacles to constrict eight enemies at once.
Your skin changes colour to match your surroundings (Stealth+).
Your rubbery body absorbs attacks. (AC +1, EV +1)


Message History

The blast of butt misses Grinder!
b - 82 stones Grinder gestures at you!
You shrug off the repeated paralysis!!!
Unknown command!
Okay, then!
Casting: Sandblast
Confirm with ! or Enter, or press ? or * to list all spells!
Aiming: Sandblast
Press: ? - help, Shift-Dir - straight line, f/p - Grinder
Aim: Grinder (severely wounded)
You miscast Sandblast!
Nothing appears to happen!
Grinder gestures at you! You resist with significant effort!
Okay, then!
You aren't carrying any items that you can butt!
It was a potion of berserk rage!
A red film seems to cover your vision as butt go berserk!!!
You feel butt moving faster!!!
You feel mighty!!! Grinder hits you!!! rip

#8.. # #._. #########.#
#8.. ######.........#
#... ........#...# #8_.
#....#.# #.8.
#########.#.##.#########
..........#.##........#.
#......@###.##.#####....
#...###5# #.##.# #..##
## #.. ..##.# #....
########[#####....
#....)..... #######..#.
#..#. #. #####..#. #.#
#........


You could see Grinder.

Vanquished Creatures
  3 adders
  3 worms (D:2)
  3 dart slugs (D:1)
  6 goblins
  4 hobgoblins
  A quokka (D:2)
  9 bats
  5 frilled lizards
  14 kobolds
  3 rats
51 creatures vanquished.

Notes
Turn   | Place    | Note
-------+----------+-------------------------------------------
     0 | D:1      | Gorglomux the Octopode Earth Elementalist began the quest for the Orb.
     0 | D:1      | Reached XP level 1. HP: 11/11 MP: 3/3
   120 | D:1      | Reached skill level 3 in Stealth
   346 | D:1      | Reached XP level 2. HP: 17/17 MP: 5/5
   761 | D:1      | Learned a level 2 spell: Passwall
   936 | D:1      | Reached XP level 3. HP: 21/21 MP: 6/6
  1069 | D:1      | Reached skill level 4 in Stealth
  1227 | D:2      | Learned a level 3 spell: Stone Arrow
  1352 | D:2      | You fall through a shaft!
  1352 | D:3      | Found a snail-covered altar of Cheibriados.
  1352 | D:3      | Found a shattered altar of Ashenzari.
  1352 | D:3      | Found a blossoming altar of Fedhas.
  1353 | D:3      | Found a basalt altar of Yredelemnul.
  1353 | D:3      | Found a shimmering altar of Xom.
  1353 | D:3      | Found a shimmering altar of Xom.
  2049 | D:2      | Found a faded altar of an unknown god.
  2055 | D:2      | Reached XP level 4. HP: 12/27 MP: 7/7
  2819 | D:3      | Reached skill level 5 in Stealth
  3184 | D:3      | Noticed Grinder
  3193 | D:3      | Paralysed by Grinder for 3 turns
  3196 | D:3      | HP: 1/27 [Grinder (6)]
  3199 | D:3      | Slain by Grinder

Vault maps used:
D:1:      lemuel_arrival_tunnels, eino_curves_03
D:2:      serial_forest, infiniplex_forest_fountain,
          infiniplex_forest_lined_ring, infiniplex_forest_zigzag_2,
          infiniplex_forest_end_2, infiniplex_forest_straight_2,
          chequers_ecumenical_altar_simple_redux, st_stairs_8
D:3:      doesnt_xom_only_xom, uniq_grinder

Skill      XL: |  1  2  3  4 |
---------------+-------------+-----
Stealth        | 3 4 5 |  5.1
Earth Magic    | 4 |  4.2
Dodging        | |  2.0
Spellcasting   | |  2.0
Transmutations | |  1.0

Action                   |  1- 3 |  4- 6 || total
-------------------------+-------+-------++-------
Melee: Unarmed           |    86 |    32 ||   118
       Constrict         |    24 |    12 ||    36
       Tentacles         |    12 |     6 ||    18
       Dagger            |       |     1 ||     1
 Cast: Sandblast         |    20 |     9 ||    29
       Stone Arrow       |     2 |     4 ||     6
  Use: Scroll            |     1 |       ||     1
       Potion            |       |     1 ||     1
 Stab: Sleeping          |     8 |     3 ||    11
  Eat: Chunk             |     4 |     4 ||     8
Armor: Skin              |     4 |     4 ||     8
Dodge: Dodged            |    58 |    28 ||    86

Table legend:
 A = Spawn XP
 B = Non-spawn XP
 C = Spawn XP percentage of total XP
 D = Spawn monster count
 E = Non-spawn monster count
 F = Spawn count percentage of total count
 G = Total turns spent on level
                    A         B        C        D         E        F      G
               +---------+---------+-------+---------+---------+-------+---------
         Total |       0 |     130 |   0.0 |       0 |      51 |   0.0 |  3199
               +---------+---------+-------+---------+---------+-------+---------
           D:1 |       0 |      41 |   0.0 |       0 |      23 |   0.0 |  1222
           D:2 |       0 |      60 |   0.0 |       0 |      17 |   0.0 |  1437
           D:3 |       0 |      29 |   0.0 |       0 |      11 |   0.0 |   540
               +---------+---------+-------+---------+---------+-------+---------
